 Dungeon Crawl Stone Soup version 0.22-a0-374-g5dfd9e3 (webtiles) character file.

24 Collin1234 the Firebug (level 2, -1/20 HPs)
             Began as a Draconian Fire Elementalist on Apr 26, 2018.
             Was an Initiate of Elyvilon.
             Slain by an adder (5 damage)
             ... on level 2 of the Dungeon.
             The game lasted 00:06:58 (1394 turns).

Collin1234 the Firebug (DrFE)                       Turns: 1394, Time: 00:06:59

Health: -1/20      AC:  4    Str: 10    XL:     2   Next: 79%
Magic:  12/14      EV: 12    Int: 15    God:    Elyvilon [......]
Gold:   44         SH:  0    Dex: 11    Spells: 4/5 levels left

rFire    . . .     SeeInvis .   d - +0 spear
rCold    . . .     Gourm    +   (no shield)
rNeg     + . .     Faith    .   (armour unavailable)
rPois    .         Spirit   .   (helmet restricted)
rElec    .         Reflect  .   (no cloak)
rCorr    .         Harm     .   (no gloves)
MR       .....                  (no boots)
Stlth    ++........             k - amulet of the gourmand
HPRegen  0.06/turn              h - ring of positive energy
MPRegen  0.14/turn              n - ring of magical power

@: lethally poisoned (-1 -> -4)
A: unfitting armour, cold-blooded, AC +4
a: Renounce Religion


You were on level 2 of the Dungeon.
You worshipped Elyvilon.
Elyvilon was noncommittal.
You were hungry.

You visited 1 branch of the dungeon, and saw 2 of its levels.

You collected 44 gold pieces.

Inventory:

Hand Weapons
 d - a +0 spear (weapon)
Missiles
 g - 33 poisoned needles
Armour
 i - a +0 scale mail
 l - a +0 chain mail
Jewellery
 h - a ring of positive energy (left hand)
 k - an amulet of the gourmand (around neck)
 n - a ring of magical power (right hand)
Scrolls
 a - a scroll of teleportation {unknown}
 f - 3 scrolls of identify {unknown}
 m - a scroll of enchant weapon {unknown}
Potions
 c - 2 potions of degeneration {unknown}
 e - a potion of brilliance {unknown}
 j - a potion of might {unknown}
Comestibles
 b - 2 rations


   Skills:
 + Level 1.4 Polearms
 + Level 2.0 Dodging
 + Level 1.9 Stealth
 + Level 2.1 Spellcasting
 + Level 1.0 Conjurations
 + Level 3.3 Fire Magic


You had 4 spell levels left.
You knew the following spells:

 Your Spells              Type           Power        Failure   Level  Hunger
a - Flame Tongue          Conj/Fire      #....        9%          1    #......


Dungeon Overview and Level Annotations

Branches:
Dungeon (2/15)

Altars:
Dithmenos
Elyvilon
Wu Jian
Xom


Innate Abilities, Weirdness & Mutations

Your plain brown scales are hard. (AC +4)
You cannot fit into any form of body armour.
You are cold-blooded and may be slowed by cold attacks.


Message History

Your Polearms skill increases to level 1!
You feel sick.
You feel sick.
You feel sick.
You are feeling hungry.
You feel sick.
You feel sick.
You feel sick.
Found a stone staircase leading down.
Your magical contamination has completely faded away.
An adder comes into view.
The adder hisses angrily.
You feel sick.
You hit the adder.
The adder is moderately wounded.
The adder bites you but does no damage.
You hit the adder.
The adder is heavily wounded.
The adder barely misses you. The adder bites you.
You die...

.....##.#.#....<..
#......#.#.......
#......#.#.#'#.##
##......#.#.#.#.##
#.................
#.......#.#.######
#.......#.#.......
#......##.##...##.
#@.....##.##...##.
#.#####S#'#####.##...##.
........#.#####.#######.
#.####..#.#.....### #.
#.......#.#.#.....#####.
#..####.#.#.#.....+.....
........#.#.#.....#####.
#..######.#.#.....'.รท...
#.#.#..._...###.


You could see an adder.

Vanquished Creatures
  An adder (D:2)
  A dart slug (D:1)
  A bat (D:2)
  3 giant cockroaches
  3 goblins (D:1)
  A hobgoblin (D:1)
  A kobold (D:2)
11 creatures vanquished.

Notes
Turn   | Place    | Note
-------+----------+-------------------------------------------
     0 | D:1      | Collin1234 the Draconian Fire Elementalist began the quest for the Orb.
     0 | D:1      | Reached XP level 1. HP: 14/14 MP: 3/3
   953 | D:1      | Reached XP level 2. HP: 20/20 MP: 5/5
  1168 | D:2      | Found a shadowy altar of Dithmenos.
  1172 | D:2      | Found a white marble altar of Elyvilon.
  1172 | D:2      | Found an ornate altar of the Wu Jian Council.
  1175 | D:2      | Found a shimmering altar of Xom.
  1240 | D:2      | Became a worshipper of Elyvilon the Healer
  1374 | D:2      | Reached skill level 1 in Polearms
  1394 | D:2      | Slain by an adder

Vault maps used:
D:1:      lightli_arrival_windingriver, serial_corexii_hall,
          corexii_hall_statues_l, corexii_hall_statues_l
D:2:      grunt_temple_overflow_growth_and_decay, lemuel_doored_altar,
          grunt_temple_overflow_open

Skill      XL: |  1  2 |
---------------+-------+-----
Dodging        | 2 |  2.0
Polearms       | 1 |  1.4
Stealth        | |  1.9
Spellcasting   | |  2.1
Conjurations   | |  1.0
Fire Magic     | |  3.3

Action                   || total
-------------------------++-------
Melee: Spear             ||    41
       Unarmed           ||    14
       Tailslap          ||     6
 Cast: Flame Tongue      ||     4
 Stab: Sleeping          ||     1
  Eat: Chunk             ||     1
Armor: Skin              ||    22
Dodge: Dodged            ||    49

Table legend:
 A = Spawn XP
 B = Non-spawn XP
 C = Spawn XP percentage of total XP
 D = Spawn monster count
 E = Non-spawn monster count
 F = Spawn count percentage of total count
 G = Total turns spent on level
                    A         B        C        D         E        F      G
               +---------+---------+-------+---------+---------+-------+---------
         Total |       0 |      35 |   0.0 |       0 |      11 |   0.0 |  1394
               +---------+---------+-------+---------+---------+-------+---------
           D:1 |       0 |      16 |   0.0 |       0 |       7 |   0.0 |  1107
           D:2 |       0 |      19 |   0.0 |       0 |       4 |   0.0 |   287
               +---------+---------+-------+---------+---------+-------+---------
